AoeStats
← Michi3052

Migration

509742605Analyzed
1v1 RM · 4d ago on Sep 27, 2026· 38m 41s· 2 players
Game mode
Random Map
Map size
132×132
Population
200
Speed
Normal
Resources
Standard
Victory
Conquest
Starting age
Dark Age
Ending age
Imperial Age
RankedLock teamsTeams togetherTeam positionsShared explorationLock speedFull tech treeHidden civsTurbo modeCheats
Victory
Defeat
🇪🇸 Turks · Spain
722
+14
🇺🇸 Britons · United States
686
-14
theredskins1
1:40 Loom
11:53 Feudal Age
17:47 Wheelbarrow
19:00 Town Watch
22:46 Man-at-Arms
24:18 Forging
28:09 Castle Age
26:44 Stone Mining
26:46 Double-Bit Axe
27:26 Fletching
28:31 Scale Mail Armor
28:59 Squires
28:54 Pikeman
29:31 Gambesons
29:09 Long Swordsman
31:20 Hand Cart
31:28 Horse Collar
34:25 Town Patrol
37:34 Imperial Age
35:07 Town Patrol
35:37 Arson
38:20 Medium Warships
Michi3052
8:18 Loom
11:56 Feudal Age
15:13 Wheelbarrow
17:48 Horse Collar
18:50 Double-Bit Axe
19:54 Bloodlines
21:16 Scale Barding Armor
24:53 Castle Age
23:38 Gold Mining
26:41 Hand Cart
30:13 Imperial Age
27:30 Town Watch
27:52 Fletching
28:03 Padded Archer Armor
30:30 Cavalier
37:52 Bodkin Arrow
Connection lost

Rejoining the realm…

Still unreachable

The connection could not be restored.

Session expired

The server has moved on; the page needs a fresh start.